 Dungeon Crawl Stone Soup version 0.29-a0-998-g1987434951 (webtiles) character file.

Game seed: 5460980110916975999

54 drpainis the Chopper (level 3, -1/28 (33) HPs)
             Began as a Hill Orc Monk on Aug 6, 2022.
             Slain by Terence
             ... wielding the +7 Throatcutter {drain, coup de grace}
              (10 damage)
             ... on level 3 of the Dungeon.
             The game lasted 00:02:40 (2061 turns).

drpainis the Chopper (Hill Orc Monk)                Turns: 2061, Time: 00:02:41

HP:   -1/28 (33)    AC:  5    Str: 15    XL:     3   Next: 91%
MP:   3/3           EV: 11    Int: 10    God:
Gold: 134           SH:  0    Dex: 13    Spells: 2/2 levels left

rFire   . . .      SeeInvis .   a - +0 hand axe
rCold   . . .      Faith    .   f - +0 buckler
rNeg    . . .      Spirit   .   l - +1 leather armour {rPois}
rPois   +          Reflect  .   m - +0 helmet
rElec   .          Harm     .   (no cloak)
rCorr   .          Rampage  .   (no gloves)
Will    .....                   (no boots)
Stlth   +.........              (no amulet)
HPRegen 0.09/turn               (no ring)
MPRegen 0.08/turn               (no ring)

@: confused, ambrosia-drunk, heavily drained
A: no striking features
a: no special abilities


You were on level 3 of the Dungeon.
You visited 1 branch of the dungeon, and saw 3 of its levels.

You collected 134 gold pieces.

Inventory:

Hand Weapons
 a - a +0 hand axe (weapon)
Armour
 b - a +0 robe
 f - a +0 buckler (worn)
 i - a +0 leather armour
 l - a +1 leather armour of poison resistance (worn)
 m - a +0 helmet (worn)
Scrolls
 d - a scroll of immolation {unknown}
 e - 2 scrolls of identify {unknown}
 g - a scroll of enchant weapon {unknown}
 k - 2 scrolls of enchant armour {unknown}
 n - a scroll of vulnerability {unknown}
Potions
 h - 2 potions of haste {unknown}
 j - a potion of attraction {unknown}


   Skills:
 + Level 4.2 Fighting
 + Level 4.9 Axes
 + Level 0.4 Armour
 + Level 2.9 Dodging
 + Level 1.7 Stealth
 + Level 0.1 Shields


You had 2 spell levels left.
You didn't know any spells.
Your spell library was empty.

Dungeon Overview and Level Annotations

Branches:
Dungeon (3/15)

Altars:

Annotations:
D:3 Terence


Message History

The orc shouts!
You hear a shout! x2
Terence the Incautious comes into view.
He is wielding the +7 Throatcutter {drain, coup de grace}.
You hear a shout!
An orc wizard comes into view. It is wielding a +2 dagger of flaming.
The orc wizard shouts!
Terence shouts!
An orc comes into view. It is wielding a +0 hand axe.
The orc shouts!
You hear an angry hiss.
An orc comes into view. It is wielding a +0 dagger.
You hit Terence but do no damage.
An orc comes into view. It is wielding a +0 hand axe.
Terence says, "Don't bother to defend, it's pointless."
You block Terence's attack.
You hit Terence but do no damage.
A ball python comes into view.
Terence hits you with the +7 Throatcutter {drain, coup de grace}.
You feel drained. Terence completely misses you.
You hit Terence but do no damage.
Terence asks, "Do you want it fast or slow?"
Terence hits you with the +7 Throatcutter {drain, coup de grace}.
You feel drained.
You hit Terence but do no damage.
Terence hits you with the +7 Throatcutter {drain, coup de grace}!
You feel drained. Terence attacks as you move away! You block Terence's attack.
The orc wizard mumbles some strange words.
The orc wizard flickers and vanishes!
Deactivating autopickup; reactivate with Ctrl-A.
You are confused.
You feel invigorated.
Terence hits you with the +7 Throatcutter {drain, coup de grace}!
* * * LOW HITPOINT WARNING * * *
You feel drained.
You're too confused to move!
Terence hits you with the +7 Throatcutter {drain, coup de grace}!
* * * LOW HITPOINT WARNING * * *
You feel drained.
* * * LOW HITPOINT WARNING * * *
You bump into the rock wall.
Terence hits you with the +7 Throatcutter {drain, coup de grace}!
You die... ##. ..# ##.. #oo

#S# #.####
#oo..#
#@#####
#@#####
#.##.#
#####
#.##.#
...#
#.##.#
###.###
#.##.#
#.....#
#.##.#####
#.....####
#........#
#........#
####.#####
#.....##.#
##......#


You could see Terence, 4 orcs and a ball python.

Vanquished Creatures
  An adder (D:2)
  A worm (D:2)
  6 bats
  5 endoplasms
  3 giant cockroaches
  3 goblins
  2 hobgoblins
  2 jackals (D:3)
  3 quokkas
  4 ball pythons
  2 frilled lizards
  5 kobolds
  3 rats
40 creatures vanquished.

Notes
Turn   | Place    | Note
-------+----------+-------------------------------------------
     0 | D:1      | drpainis the Hill Orc Monk began the quest for the Orb.
     0 | D:1      | Reached XP level 1. HP: 19/19 MP: 1/1
   415 | D:1      | Found a faded altar of an unknown god.
   463 | D:1      | Reached XP level 2. HP: 27/27 MP: 2/2
  1037 | D:2      | Reached XP level 3. HP: 32/33 MP: 3/3
  2049 | D:3      | Noticed Terence
  2061 | D:3      | Slain by Terence

Illustrated notes

Levels and vault maps discovered:
D:1:      dpeg_arrival_three_same_balls, layout_basic,
          ebering_ecumenical_altar_hall
D:2:      layout_rooms, kennysheep_doodads, minmay_bisected
D:3:      layout_loops_corners, nicolae_overflow_hidden_temple,
          grunt_qazlal_sundering, nicolae_eternal_life, grunt_ministairs_8,
          uniq_terence

Skill      XL: |  1  2 |
---------------+-------+-----
Fighting       | 4 |  4.2
Axes           | |  4.9
Armour         | |  0.4
Dodging        | |  2.9
Stealth        | |  1.7
Shields        | |  0.1

Action                   || total
-------------------------++-------
Melee: Hand axe          ||   113
  Use: Potion            ||     1
 Stab: Sleeping          ||     2
Armor: Robe              ||    31
       Leather armour    ||    16
Dodge: Dodged            ||    80
Block: Buckler           ||     9

Table legend: (Time is in decaauts)
 A = Elapsed time spent in this place.
 B = Non-inter-level travel time spent in this place.
 C = Inter-level travel time spent in this place.
 D = Time resting spent in this place.
 E = Time spent auto-exploring this place.
 F = Levels seen in this place.
 G = Mean time per level.
                   A        B        C        D        E       F      G
               +--------+--------+--------+--------+--------+-----+--------+
         Total |   2072 |   2036 |     36 |    180 |   1341 |   3 |  690.7 |
       Dungeon |   2072 |   2036 |     36 |    180 |   1341 |   3 |  690.7 |
               +--------+--------+--------+--------+--------+-----+--------+

Top non-repeatable levels by time:
     D:1: 1022 daAuts
     D:2: 938 daAuts
     D:3: 112 daAuts
